 Dungeon Crawl Stone Soup version 0.24-a0-272-g1411513 (webtiles) character file.

Game seed: 5224944559705650304

167431 erloom the Brawler (level 17, -11/175 HPs)
             Began as a Troll Berserker on Apr 16, 2019.
             Was a High Priest of Trog.
             Mangled by a snapping turtle (19 damage)
             ... on level 2 of the Shoals on Apr 25, 2019.
             The game lasted 01:40:45 (30955 turns).

erloom the Brawler (Troll Berserker)               Turns: 30955, Time: 01:40:46

Health: -11/175    AC: 14    Str: 34    XL:     17   Next: 31%
Magic:  19/19      EV: 11    Int:  3    God:    Trog [*****.]
Gold:   2449       SH: 19    Dex:  9    Spells: 16/16 levels left

rFire    + + .     SeeInvis .     - Unarmed
rCold    . . .     Gourm    +   G - +0 large shield
rNeg     . . .     Faith    .   e - +0 fire dragon scales
rPois    .         Spirit   .   z - +1 hat
rElec    .         Reflect  .   Y - scarf {repulsion}
rCorr    .         Harm     .   (gloves unavailable)
MR       +++..                  (boots unavailable)
Stlth    ..........             y - amulet of rage
HPRegen  1.79/turn              U - ring of protection from cold
MPRegen  0.16/turn              I - +1 ring of protection

@: regenerating, repel missiles
A: large, unfitting armour, claws 3, fast metabolism 3, gourmand, regeneration
1, shaggy fur 1, tough skin 3
a: Berserk, Trog's Hand, Brothers in Arms, Renounce Religion, Evoke Berserk Rage


You were on level 2 of the Shoals.
You worshipped Trog.
Trog was extremely pleased with you.
You were completely stuffed.

You visited 5 branches of the dungeon, and saw 29 of its levels.
You also visited: Ossuary and Ice Cave.

You collected 3016 gold pieces.
You spent 567 gold pieces at shops.

Inventory:

Hand Weapons
 M - the +0 hand crossbow "Owapak" {elec, *Slow +Inv MR+ Int+2}
   (You found it on level 3 of the Snake Pit)

   It charges the ammunition it shoots with electricity; occasionally upon a
   hit, such missiles may discharge and cause terrible harm.
   It affects your intelligence (+2).
   It affects your resistance to hostile enchantments.
   It lets you turn invisible.
   It may slow you when you take damage.
Missiles
 k - 56 tomahawks (quivered)
 r - 6 javelins of penetration
 D - 11 javelins
 T - 49 large rocks
 X - 6 tomahawks of returning
Armour
 e - +0 fire dragon scales (worn)
 f - +0 acid dragon scales
 z - a +1 hat (worn)
 C - a +2 robe of magic resistance
 G - a +0 large shield (worn)
 V - a scarf of spirit shield
 Y - a scarf of repulsion (worn)
Jewellery
 a - an uncursed ring of flight
 t - an uncursed ring of fire
 x - an uncursed ring of ice
 y - an amulet of rage (around neck)
 I - a +1 ring of protection (right claw)
 N - a +3 ring of dexterity
 U - a ring of protection from cold (left claw)
Wands
 d - a wand of scattershot (7)
 l - a wand of paralysis (11)
 s - a wand of disintegration (23)
 u - a wand of enslavement (6)
 A - a wand of iceblast (21)
 B - a wand of digging (11)
 E - a wand of acid (7)
 J - a wand of clouds (5)
Scrolls
 c - 10 scrolls of teleportation
 g - 7 scrolls of enchant weapon
 i - 14 scrolls of identify
 q - 10 scrolls of remove curse
 F - 2 scrolls of blinking
 K - a scroll of fear
 O - 3 scrolls of brand weapon
 P - 4 scrolls of enchant armour
 W - 3 scrolls of magic mapping
 Z - a scroll of fog
Potions
 h - 9 potions of brilliance
 m - 9 potions of mutation
 n - 6 potions of agility
 o - 17 potions of curing
 p - 5 potions of resistance
 v - 4 potions of might
 w - 5 potions of haste
 L - 2 potions of cancellation
 Q - 2 potions of heal wounds
 R - a potion of ambrosia
 S - 2 potions of flight
Miscellaneous
 H - a phantom mirror
Comestibles
 b - 64 rations
 j - 2 chunks of flesh


   Skills:
 + Level 12.7 Fighting
 - Level 5.0 Throwing
 - Level 2.0 Armour
 + Level 12.3 Dodging
 - Level 9.0 Shields
 + Level 19.4 Unarmed Combat
 - Level 4.3 Evocations


You had 16 spell levels left.
You didn't know any spells.
Your spell library contained the following spells:

 Spells                   Type           Power        Failure   Level  Hunger
 Animate Skeleton         Necr           N/A          99%         1    ##.....
 Corona                   Hex            #......      99%         1    ##.....
 Pain                     Necr           #...         99%         1    ##.....
 Sandblast                Erth           #.....       99%         1    ##.....
 Passwall                 Tmut/Erth      #.......     100%        2    ###....
 Slow                     Hex            #.......     100%        2    ###....
 Ignite Poison            Fire/Tmut/Pois #.......     100%        3    ####...
 Inner Flame              Hex/Fire       #.......     100%        3    ####...
 Portal Projectile        Hex/Tloc       #.....       100%        3    ####...
 Regeneration             Chrm/Necr      #.........   100%        3    ####...
 Spider Form              Tmut/Pois      #.........   100%        3    ####...
 Static Discharge         Conj/Air       #.......     100%        3    ####...
 Stone Arrow              Conj/Erth      #.....       100%        3    ####...
 Vampiric Draining        Necr           #.........   100%        3    ####...
 Animate Dead             Necr           N/A          100%        4    #####..
 Cause Fear               Hex            #.........   100%        4    #####..
 Ice Form                 Ice/Tmut       #.......     100%        4    #####..
 Leda's Liquefaction      Hex/Erth       #.........   100%        4    #####..
 Petrify                  Tmut/Erth      #.......     100%        4    #####..
 Alistair's Intoxication  Tmut/Pois      #.......     100%        5    ######.
 Bolt of Magma            Conj/Fire/Erth #.........   100%        5    ######.
 Lee's Rapid Deconstruct  Erth           #.........   100%        5    ######.
 Lightning Bolt           Conj/Air       #.........   100%        5    ######.
 Metabolic Englaciation   Hex/Ice        #.........   100%        5    ######.
 Bolt of Cold             Conj/Ice       #.........   100%        6    #######
 Freezing Cloud           Conj/Ice/Air   #.........   100%        6    #######
 Iron Shot                Conj/Erth      #.........   100%        6    #######
 Ozocubu's Refrigeration  Ice            #.........   100%        6    #######
 Simulacrum               Ice/Necr       #.........   100%        6    #######
 Statue Form              Tmut/Erth      #........    100%        6    #######
 Ignition                 Fire           #.........   100%        8    #######
 Shatter                  Erth           #.........   100%        9    #######
 Tornado                  Air            #.........   100%        9    #######


Dungeon Overview and Level Annotations

Branches:
Dungeon (15/15)            Temple (0/1) D:7            Lair (6/6) D:11
 Shoals (2/4) Lair:2        Snake (4/4) Lair:2        Slime (0/5) Lair:5
    Orc (2/2) D:10            Elf (0/3) Orc:2        Vaults (0/5) D:14
 Depths (0/5) D:15

Altars:
Cheibriados
Kikubaaqudgha
Makhleb
Okawaru
Trog
Beogh
Jiyva

Shops:
D:6 [   D:15 }   Orc:1 !   Orc:2 [?(([   Snake:2 *

Annotations:
Lair:4 exclusion: 2 oklob plants


Innate Abilities, Weirdness & Mutations

You are too large for most types of armour.
You have claws for hands.
Your metabolism is lightning-fast.
You like to eat raw meat.
Your natural rate of healing is unusually fast.
You are covered in fur. (AC +1)
You have extremely tough skin. (AC +3)


Message History

* * * LOW HITPOINT WARNING * * *
The tentacle slaps you!
* * * LOW HITPOINT WARNING * * *
A tentacle comes into view.
Unknown command.
Unknown command.
Unknown command.
Unknown command.
As you read the scroll of fog, it crumbles to dust.
The scroll dissolves into smoke.
You block the tentacle's attack. The tentacle barely misses you.
You block the tentacle's attack.
The alligator bites you but does no damage.
The alligator tail-slaps you!
* * * LOW HITPOINT WARNING * * *
The manticore bites you!
* * * LOW HITPOINT WARNING * * *
The manticore claws you but does no damage. x2
The merfolk closely misses you.
The snapping turtle bites you from afar!!
You die...

≈≈≈≈≈≈≈......#≈$≈≈#≈#≈≈H.#
≈..≈≈≈≈......#.≈≈##≈##≈..#
≈....≈≈......#####≈≈≈#####
≈≈≈.....#####..≈(P(..≈≈≈≈
..≈.≈...# ##..(≈≈≈≈≈≈≈≈≈
.≈≈..####...<≈≈≈≈≈≈≈≈≈
.≈≈..........§....≈≈≈≈
.......§§Hw§...≈..
........m@t│..$≈..
........w§w│H.[≈≈.
........│#t>>.....
..###....\<<...... ..
#.....\\\\$....
#.......\\\....
..........\\│..≈
...........≈X≈.≈
.....t..≈≈≈≈≈.


You could see a kraken, an alligator, a snapping turtle, a merfolk, a manticore,
3 tentacles and a hippogriff.

Vanquished Creatures
  Rupert (Lair:3)
  A nagaraja (Snake:4)
  Louise (D:15)
  A stone giant (D:10)
  Azrael (D:15)
  Nessos (Lair:4)
  An ettin (Orc:2)
  A merfolk impaler (Shoals:1)
  7 naga warriors
  A merfolk avatar (Lair:6)
  8 hydras
  A vault guard (D:14)
  An ice dragon (D:15)
  8 two-headed ogres
  7 anacondas
  5 centaur warriors
  An ogre mage (Orc:1)
  A satyr (Shoals:2)
  Urug (Orc:2)
  9 orc high priests (Orc:2)
  13 death yaks
  3 shock serpents
  5 naga sharpshooters
  A salamander mystic (Snake:2)
  5 skeletal warriors (D:14)
  3 sea snakes
  3 naga ritualists
  A wizard (D:15)
  4 lindwurms (D:14)
  Pikel (D:9)
  7 mana vipers
  A harpy (Lair:6)
  4 orc knights
  6 manticores
  7 ugly things
  2 deep elf magi (D:15)
  5 salamanders
  9 cyclopes
  3 orc sorcerers (Orc:2)
  8 fauns (Shoals:2)
  9 elephants
  3 guardian serpents
  Joseph (D:8)
  28 black mambas
  7 naga magi
  A merfolk siren (Shoals:1)
  A water nymph (Shoals:1)
  A gargoyle (D:15)
  8 spiny frogs
  8 rime drakes
  10 komodo dragons
  A freezing wraith (D:15)
  A queen bee (D:10)
  6 trolls
  5 slime creatures
  7 polar bears (Lair:6)
  Prince Ribbit (D:6)
  8 merfolk
  3 hornets
  4 wind drakes
  12 blink frogs
  3 snapping turtles (Shoals:1)
  13 dream sheep
  21 hippogriffs
  A vampire (D:13)
  A human (shapeshifter) (D:15)
  3 wraiths
  6 wyverns
  3 hungry ghosts
  2 basilisks (Lair:5)
  10 humans (D:14)
  54 yaks
  Grum (D:11)
  3 fire elementals (D:15)
  A steam dragon (D:10)
  6 vampire mosquitoes (D:14)
  Menkaure (D:5)
  Edmund (D:5)
  An acid dragon (D:14)
  24 nagas
  7 wargs
  37 water moccasins
  4 hell hounds (D:15)
  9 porcupines
  26 orc warriors
  Duvessa (D:7)
  11 ice beasts
  An eye of draining (D:14)
  3 sky beasts
  A necrophage (D:14)
  5 phantoms
  A black bear (D:10)
  17 wolves
  14 ogres
  22 centaurs
  17 crocodiles
  5 big kobolds
  17 bullfrogs
  A gnoll sergeant (Orc:2)
  A water moccasin zombie (D:6)
  Dowan (D:7)
  2 wyvern skeletons
  26 killer bees
  8 scorpions
  3 howler monkeys
  An electric eel (Lair:3)
  11 wights
  A bullfrog zombie (D:8)
  10 crimson imps
  4 centaur zombies
  2 hounds
  2 quasits
  7 centaur skeletons
  A human zombie (Ossuary)
  7 jellies
  35 orc priests
  A bullfrog skeleton (D:9)
  2 iguanas
  12 worker ants
  27 orc wizards
  4 big kobold zombies (Ossuary)
  A hound zombie (D:9)
  3 mummies (Ossuary)
  2 howler monkey zombies
  Robin (D:2)
  2 worker ant zombies
  6 gnolls
  22 adders
  A howler monkey skeleton (D:4)
  2 scorpion zombies (Ossuary)
  A river rat (Lair:2)
  9 shadow imps
  2 white imps (D:7)
  An ooze (D:6)
  A worm (D:2)
  6 leopard geckos
  123 orcs
  7 bats
  5 giant cockroaches
  2 gnoll zombies (Ossuary)
  27 goblins
  14 hobgoblins
  8 jackals
  4 quokkas
  2 ball pythons
  A ball python skeleton (D:4)
  5 frilled lizards
  A goblin zombie (Ossuary)
  2 hobgoblin zombies (Ossuary)
  24 kobolds
  2 kobold zombies (Ossuary)
  A leopard gecko skeleton (D:4)
  4 orc zombies (Ossuary)
  A quokka skeleton (D:4)
  9 rats
  A plant (D:11)
1099 creatures vanquished.

Vanquished Creatures (collateral kills)
  Aizul (Snake:3)
  A fire dragon (D:15)
  A naga warrior (Snake:4)
  A hydra (Lair:5)
  2 unseen horrors
  An ugly thing (IceCv)
  An elephant (Lair:4)
  2 ice statues (IceCv)
  A rime drake (Lair:5)
  A jumping spider (shapeshifter) (D:14)
  2 hippogriffs (Lair:5)
  2 wyverns
  2 basilisks (Lair:5)
  A human (D:10)
  A naga (Snake:4)
  2 vampire mosquitoes (D:14)
  An orc warrior (D:10)
  A crocodile (Lair:4)
  An orc priest (D:10)
  An iguana (D:10)
  2 worker ants
  4 orcs (D:10)
32 creatures vanquished.

Vanquished Creatures (others)
  A hippogriff (D:15)
  2 water elementals (D:15)
  A human (D:14)
  A sky beast (D:15)
  A bullfrog (D:15)
  A scorpion (Ossuary)
  An electric eel (D:15)
  A crimson imp (D:9)
  A jelly (D:15)
  An orc (D:15)
  10 fungi
  20 plants
  A tentacle (Shoals:2)
42 creatures vanquished.

Grand Total: 1173 creatures vanquished

Notes
Turn   | Place    | Note
-------+----------+-------------------------------------------
     0 | D:1      | erloom the Troll Berserker began the quest for the Orb.
     0 | D:1      | Reached XP level 1. HP: 22/22 MP: 0/0
   103 | D:1      | Reached XP level 2. HP: 27/29 MP: 1/1
   661 | D:1      | Reached ** piety under Trog
   758 | D:1      | Reached XP level 3. HP: 36/36 MP: 2/2
   857 | D:2      | Reached skill level 4 in Unarmed Combat
   904 | D:2      | Found a bloodstained altar of Trog.
  1076 | D:2      | Identified the +0 helmet "Mavvotam" {+Fly rElec}
  1076 | D:2      | Noticed Robin
  1086 | D:2      | Killed Robin
  1086 | D:2      | Reached XP level 4. HP: 45/45 MP: 3/3
  1410 | D:2      | Reached skill level 5 in Unarmed Combat
  1920 | D:3      | Reached XP level 5. HP: 53/53 MP: 4/4
  2005 | D:3      | Reached *** piety under Trog
  2345 | D:4      | Noticed an ogre
  2351 | D:4      | Killed an ogre
  2351 | D:4      | Reached skill level 6 in Unarmed Combat
  2471 | D:4      | Noticed an ogre
  2476 | D:4      | Killed an ogre
  2476 | D:4      | Reached XP level 6. HP: 61/61 MP: 5/5
  2507 | D:4      | Reached skill level 7 in Unarmed Combat
  2523 | D:4      | Found a sand-covered staircase.
  2530 | Ossuary  | Entered an ossuary
  2633 | Ossuary  | Reached XP level 7. HP: 64/67 MP: 6/6
  2675 | Ossuary  | Reached skill level 8 in Unarmed Combat
  2717 | Ossuary  | Reached **** piety under Trog
  2770 | Ossuary  | Reached skill level 9 in Unarmed Combat
  3297 | D:5      | Entered Level 5 of the Dungeon
  3303 | D:5      | Reached XP level 8. HP: 70/75 MP: 7/7
  3370 | D:5      | Noticed Menkaure
  3384 | D:5      | Killed Menkaure
  3384 | D:5      | Reached skill level 10 in Unarmed Combat
  3585 | D:5      | Noticed Edmund
  3588 | D:5      | Killed Edmund
  3863 | D:5      | Found a snail-covered altar of Cheibriados.
  4105 | D:6      | Reached ***** piety under Trog
  4236 | D:6      | Reached XP level 9. HP: 64/84 MP: 8/8
  4489 | D:6      | Noticed Prince Ribbit
  4501 | D:6      | Killed Prince Ribbit
  4501 | D:6      | Received a gift from Trog
  4501 | D:6      | Reached skill level 11 in Unarmed Combat
  4681 | D:6      | Found Bomoc's Armour Shop.
  4937 | D:7      | Reached skill level 5 in Fighting
  5024 | D:7      | Noticed Duvessa
  5032 | D:7      | Noticed Dowan
  5035 | D:7      | Killed Duvessa
  5040 | D:7      | Killed Dowan
  5084 | D:7      | Reached skill level 5 in Dodging
  5119 | D:7      | Found a staircase to the Ecumenical Temple.
  5122 | D:7      | Found an ancient bone altar of Kikubaaqudgha.
  5128 | D:7      | Found an iron altar of Okawaru.
  5467 | D:7      | Found a burning altar of Makhleb.
  5660 | D:8      | Noticed Joseph
  5672 | D:8      | Killed Joseph
  5672 | D:8      | Reached XP level 10. HP: 45/98 MP: 9/9
  5823 | D:8      | Reached skill level 12 in Unarmed Combat
  6665 | D:9      | Noticed Pikel
  6695 | D:9      | Killed Pikel
  7362 | D:10     | Entered Level 10 of the Dungeon
  7377 | D:10     | Received a gift from Trog
  7385 | D:10     | Got a steaming arbalest {god gift}
  7593 | D:10     | Noticed a two-headed ogre
  7611 | D:10     | Killed a two-headed ogre
  7611 | D:10     | Reached XP level 11. HP: 109/109 MP: 10/10
  7667 | D:10     | Found a staircase to the Orcish Mines.
  7691 | D:10     | Killed an unseen horror
  7691 | D:10     | Reached skill level 13 in Unarmed Combat
  8489 | D:10     | Identified a scroll of acquirement
  8789 | D:11     | Paralysed by a hornet for 1 turns
  8817 | D:11     | HP: 4/111 [something (9)]
  8817 | D:11     | Killed an unseen horror
  9151 | D:11     | Received a gift from Trog
  9172 | D:11     | Found a staircase to the Lair.
  9240 | Lair:1   | Entered Level 1 of the Lair of Beasts
  9304 | Lair:1   | Noticed an eight-headed hydra
  9320 | Lair:1   | Killed a ten-headed hydra
  9320 | Lair:1   | Reached skill level 14 in Unarmed Combat
 10104 | Lair:2   | Reached XP level 12. HP: 98/122 MP: 11/11
 10519 | Lair:2   | Found a staircase to the Snake Pit.
 10591 | Lair:2   | Found a staircase to the Shoals.
 10739 | Lair:2   | Reached skill level 15 in Unarmed Combat
 11537 | Lair:3   | Got a twisted hand crossbow
 11602 | Lair:3   | Found a frozen archway.
 11613 | IceCv    | Entered an ice cave
 11638 | IceCv    | Found a transporter.
 11686 | IceCv    | Found a transporter.
 11780 | IceCv    | Got a smoking hand axe
 11820 | Lair:3   | Noticed Rupert
 11833 | Lair:3   | Killed Rupert
 12042 | Lair:3   | Reached XP level 13. HP: 121/131 MP: 12/12
 13055 | Lair:4   | Noticed Nessos
 13065 | Lair:4   | Killed Nessos
 13065 | Lair:4   | Reached skill level 16 in Unarmed Combat
 13132 | Lair:4   | HP: 2/133 [elephant (9)]
 13201 | Lair:4   | Reached skill level 10 in Fighting
 13481 | Lair:4   | Reached skill level 10 in Dodging
 13671 | Lair:4   | Received a gift from Trog
 14206 | Lair:5   | Reached skill level 1 in Evocations
 14330 | Lair:5   | Reached skill level 17 in Unarmed Combat
 14410 | Lair:5   | Found a viscous altar of Jiyva.
 14410 | Lair:5   | Found a staircase to the Slime Pits.
 14507 | Lair:5   | Reached XP level 14. HP: 140/144 MP: 14/14
 14649 | Lair:5   | Reached skill level 1 in Throwing
 15214 | Lair:6   | Entered Level 6 of the Lair of Beasts
 15500 | Lair:6   | Received a gift from Trog
 16145 | Lair:6   | Upgraded the game from 0.24-a0-251-g44e327e to
                  | 0.24-a0-252-g5076262
 16865 | Lair:6   | Got a translucent great sword
 17358 | D:11     | Received a gift from Trog
 17383 | D:11     | Noticed Grum
 17413 | D:11     | Killed Grum
 17632 | D:12     | Reached skill level 1 in Armour
 17838 | D:12     | Identified the Grimoire of Mutagenic Sinister Rites
 17893 | D:12     | HP: 5/219 [13-headed hydra (12)]
 17893 | D:12     | HP: 2/219 [13-headed hydra (3)]
 18343 | D:12     | Reached XP level 15. HP: 136/153 MP: 16/16
 18820 | Orc:1    | Entered Level 1 of the Orcish Mines
 18827 | Orc:1    | Reached skill level 18 in Unarmed Combat
 19063 | Orc:1    | Received a gift from Trog
 19550 | Orc:1    | Found Higic's Distillery.
 19842 | Orc:2    | Entered Level 2 of the Orcish Mines
 20142 | Orc:2    | Found Leistyts's Antique Weapon Shoppe.
 20142 | Orc:2    | Found Fuatsol's Antique Armour Boutique.
 20190 | Orc:2    | Bought a runed hat for 217 gold pieces
 20219 | Orc:2    | Found a roughly hewn altar of Beogh.
 20246 | Orc:2    | Received a gift from Trog
 20301 | Orc:2    | Found Zuhef's Antique Weapon Shoppe.
 20330 | Orc:2    | Noticed Urug
 20577 | Orc:2    | Found a staircase to the Elven Halls.
 20765 | Orc:2    | Reached skill level 5 in Throwing
 20878 | Orc:2    | Killed Urug
 20964 | Orc:2    | Found Couteol's Magic Scroll Boutique.
 21013 | Orc:2    | HP: 3/154 [orc high priest/+0 long sword (5)]
 21180 | Orc:2    | Found Jobuis's Armour Shoppe.
 21197 | Orc:2    | Bought a scroll of identify for 28 gold pieces
 21197 | Orc:2    | Bought a scroll of identify for 28 gold pieces
 21197 | Orc:2    | Bought a scroll of identify for 28 gold pieces
 21197 | Orc:2    | Bought a scroll of blinking for 105 gold pieces
 21197 | Orc:2    | Bought a scroll of enchant armour for 105 gold pieces
 21197 | Orc:2    | Bought a scroll of identify for 28 gold pieces
 21197 | Orc:2    | Bought a scroll of identify for 28 gold pieces
 21895 | D:13     | Reached skill level 1 in Shields
 22076 | D:13     | Received a gift from Trog
 23339 | D:14     | Found the +10 morningstar "Eos" {elec, Halo rElec}
 23851 | D:14     | Reached skill level 5 in Shields
 23867 | D:14     | Received a gift from Trog
 23880 | D:14     | Reached XP level 16. HP: 150/165 MP: 18/18
 23902 | D:14     | Found a gate to the Vaults.
 24116 | D:15     | Entered Level 15 of the Dungeon
 24149 | D:15     | Noticed Azrael
 24227 | D:15     | Killed Azrael
 24523 | D:15     | Found Afaewnat's Gadget Shoppe.
 24993 | D:15     | Noticed Louise
 25017 | D:15     | Killed Louise
 25723 | D:15     | Found a staircase to the Depths.
 25987 | Snake:1  | Entered Level 1 of the Snake Pit
 26819 | Snake:1  | Received a gift from Trog
 26957 | Snake:1  | Reached skill level 19 in Unarmed Combat
 27727 | Snake:1  | Upgraded the game from 0.24-a0-252-g5076262 to
                  | 0.24-a0-271-ga0fc33f
 28127 | Snake:2  | Found Cyity's Mayhem Merchandise.
 29038 | Snake:3  | Upgraded the game from 0.24-a0-271-ga0fc33f to
                  | 0.24-a0-272-g1411513
 29072 | Snake:3  | Reached XP level 17. HP: 158/175 MP: 19/19
 29077 | Snake:3  | Got a polished hand crossbow
 29237 | Snake:3  | Received a gift from Trog
 29386 | Snake:3  | Noticed Aizul
 29392 | Snake:3  | Killed Aizul
 29525 | Snake:4  | Entered Level 4 of the Snake Pit
 29538 | Snake:4  | HP: 7/175 [nagaraja/+2 spear of piercing (5)]
 29780 | Snake:3  | Identified the cursed +0 hand crossbow "Owapak" {elec,
                  | *Slow +Inv MR+ Int+2} (You found it on level 3 of the Snake
                  | Pit)
 29880 | Shoals:1 | Entered Level 1 of the Shoals
 30051 | Shoals:1 | You fall through a shaft!
 30296 | Shoals:2 | Noticed a kraken
 30955 | Shoals:2 | HP: 8/175 [manticore (11)]
 30955 | Shoals:2 | Mangled by a snapping turtle

Levels and vault maps discovered:
D:1:      sevenhm_arrival_forest_fort_large_4, layout_loops_ring,
          minmay_tromino_i4
D:2:      cheibrodos_greedy_goblins, layout_basic, trog_three_pillars_becter,
          uniq_robin
D:3:      layout_rooms
D:4:      layout_basic, chequers_ossuary_entry_cave, first_ration
D:5:      layout_basic, overflow_temple_1_default, uniq_edmund, uniq_menkaure
D:6:      corexii_shack_village, layout_cave_pools, serial_shops,
          kennysheep_mini_moat, uniq_prince_ribbit1
D:7:      minmay_skewed_foursquare, layout_rooms, lemuel_round_altar,
          gammafunk_temple_overflow_statue, minmay_nine_imps, uniq_duvessa
D:8:      layout_loops_ring, blue_anna_alchemist [blue_anna_fruit_fields,
          blue_anna_fruit_fields], uniq_joseph
D:9:      layout_grid_maze, hangedman_abyss_or_decor_slice, uniq_pikel
D:10:     layout_basic, erik_orc_4, special_room [special_room_bee]
D:11:     layout_loops_cross, david_lair_shrubbed, uniq_grum
D:12:     layout_basic
D:13:     layout_basic
D:14:     layout_rooms, ximxim_vaults_locker_room, hangedman_decor_push,
          minmay_lindwurm_lava
D:15:     grunt_enter_depths_hoard, layout_loops_corners,
          minmay_misc_feat_tower, serial_shops, nicolae_shop_behind_doors,
          lemuel_freeze_loot_1, uniq_louise, uniq_azrael
Lair:1:   layout_cave_pods
Lair:2:   layout_layer_cave, minmay_shoals_entry_beasts,
          minmay_snake_entry_six_corridors, special_room, pond,
          serial_bayou_shore_a
Lair:3:   layout_regular_city, portal_ice_cave_entry_pillars_1,
          infiniplex_staircase_pool, uniq_rupert
Lair:4:   layout_roguey, st_stairs_10, beast_lair_carwin_4,
          minmay_lair_oklob_chamber, serial_bayou_shore_b, serial_bayou_shore_b,
          uniq_nessos
Lair:5:   layout_small_grid, dpeg_slime_entry_enclosed_altar, special_room
          [special_room_mythical_zoo], lemuel_fruit_tree
Lair:6:   gammafunk_lair_ancient_temple, layout_big_grid
Shoals:1: layout_shoals
Shoals:2: nzn_motion_control, layout_shoals,
          nicolae_shoals_siren_and_animal_friends
Snake:1:  layout_cave_pods, grunt_ministairs_15, serial_bayou_pond_a,
          nrook_guardian_serpent_ordinary, grunt_megastairs_5
Snake:2:  layout_misc_corridors, minmay_shop_mayhem, grunt_ministairs_8
Snake:3:  layout_misc_corridors, uniq_aizul
Snake:4:  grunt_snake_rune_serpentine_throne, layout_layer_cave, serial_shops,
          shop_fountains, grunt_ministairs_1, eino_curves_01, st_stairs_12,
          minmay_shop_grove, serial_bayou_shore_b
Orc:1:    layout_caves, serial_shops, shop_fountains
Orc:2:    st_orc_town, layout_caves, serial_shops, shop, sword_in_stone
Ossuary:  ossuary_minmay_scorpions
IceCv:    ice_cave_statue_garden_transporter

Skill      XL: |  1  2  3  4  5  6  7  8  9 10 11 12 13 14 15 16 17 |
---------------+----------------------------------------------------+-----
Unarmed Combat | 4 5 6 7 9 10 11 12 14 15 17 18 19 | 19.4
Fighting       | 3 4 5 7 8 9 10 11 12 | 12.7
Dodging        | 3 5 6 8 9 10 11 12 | 12.3
Evocations     | 1 3 4 |  4.3
Throwing       | 4 5 |  5.0
Armour         | 1 2 |  2.0
Shields        | 5 8 9 |  9.0

Action                   |  1- 3 |  4- 6 |  7- 9 | 10-12 | 13-15 | 16-18 || total
-------------------------+-------+-------+-------+-------+-------+-------++-------
Melee: Unarmed           |    81 |   183 |   328 |   749 |  1305 |   767 ||  3413
       Punch             |     3 |     4 |    13 |    42 |    92 |       ||   154
Invok: Berserk           |       |     2 |     3 |     5 |     8 |     1 ||    19
       Trog's Hand       |       |       |     1 |     4 |    20 |     7 ||    32
       Brothers in Arms  |       |       |       |     4 |     3 |     3 ||    10
 Abil: Evoke Flight      |       |       |       |       |     2 |     1 ||     3
       Evoke Berserk Rag |       |       |       |       |       |     2 ||     2
Evoke: Wand              |       |       |       |       |     2 |     1 ||     3
  Use: Scroll            |       |       |    16 |    11 |     7 |     4 ||    38
       Potion            |       |       |       |     2 |     1 |     1 ||     4
 Stab: Sleeping          |     1 |       |       |       |       |       ||     1
       Paralysed         |       |       |       |       |     1 |       ||     1
  Eat: Chunk             |    15 |    15 |    27 |    78 |   130 |    52 ||   317
       Ration            |       |       |       |       |       |     6 ||     6
Armor: Animal skin       |    39 |    70 |    84 |     2 |       |       ||   195
       Robe              |       |       |       |   203 |   255 |       ||   458
       Acid dragon scale |       |       |       |       |     9 |    19 ||    28
       Fire dragon scale |       |       |       |       |       |   107 ||   107
Dodge: Dodged            |    45 |    81 |   135 |   415 |   738 |   187 ||  1601
       Deflected         |       |       |       |       |     1 |    25 ||    26
Block: Shield            |       |       |       |       |    95 |    43 ||   138
       Large shield      |       |       |       |       |       |   549 ||   549

Table legend:
 A = Non-vault XP
 B = Vault XP
 C = Vault XP percentage of total XP
 D = Non-vault monster count
 E = Vault monster count
 F = Vault count percentage of total count
                 A         B        C        D         E       F
            +---------+---------+-------+---------+---------+-------
      Total |  173690 |   65498 |  27.4 |     798 |     332 |  29.4
            +---------+---------+-------+---------+---------+-------
        D:1 |      36 |       6 |  14.3 |      23 |       4 |  14.8
        D:2 |      98 |      50 |  33.8 |      21 |      18 |  46.2
        D:3 |      52 |       0 |   0.0 |      17 |       0 |   0.0
        D:4 |     408 |       0 |   0.0 |      17 |       0 |   0.0
        D:5 |     656 |     329 |  33.4 |      22 |       2 |   8.3
        D:6 |    1064 |     307 |  22.4 |      27 |      11 |  28.9
        D:7 |     596 |     829 |  58.2 |      11 |      14 |  56.0
        D:8 |    1024 |     552 |  35.0 |      17 |       2 |  10.5
        D:9 |    2221 |     651 |  22.7 |      30 |       1 |   3.2
       D:10 |    9029 |    2132 |  19.1 |      70 |      38 |  35.2
       D:11 |    4345 |     983 |  18.4 |      32 |       6 |  15.8
       D:12 |    8005 |       0 |   0.0 |      44 |       0 |   0.0
       D:13 |    8899 |       0 |   0.0 |      48 |       0 |   0.0
       D:14 |   10045 |    5425 |  35.1 |      41 |      15 |  26.8
       D:15 |   13911 |    5712 |  29.1 |      36 |      11 |  23.4
     Lair:1 |    3781 |       0 |   0.0 |      15 |       0 |   0.0
     Lair:2 |    5263 |    4251 |  44.7 |      25 |      28 |  52.8
     Lair:3 |    4440 |    3025 |  40.5 |      19 |       1 |   5.0
     Lair:4 |   12627 |    5981 |  32.1 |      31 |      13 |  29.5
     Lair:5 |   10220 |    3810 |  27.2 |      36 |      16 |  30.8
     Lair:6 |    9635 |   10646 |  52.5 |      35 |      28 |  44.4
   Shoals:1 |    6739 |       0 |   0.0 |      18 |       0 |   0.0
   Shoals:2 |    7146 |     239 |   3.2 |      16 |       1 |   5.9
    Snake:1 |   16040 |    3511 |  18.0 |      33 |       6 |  15.4
    Snake:2 |   14356 |    2646 |  15.6 |      27 |       5 |  15.6
    Snake:3 |   11474 |    1123 |   8.9 |      23 |       1 |   4.2
    Snake:4 |    2944 |       0 |   0.0 |       5 |       0 |   0.0
      Orc:1 |    3197 |       0 |   0.0 |      21 |       0 |   0.0
      Orc:2 |    5439 |   10311 |  65.5 |      38 |      71 |  65.1
    Ossuary |       0 |     774 | 100.0 |       0 |      30 | 100.0
      IceCv |       0 |    2205 | 100.0 |       0 |      10 | 100.0
            +---------+---------+-------+---------+---------+-------
